Map: Cosmic Sapphire

Players

A.I. 2 (Very Easy)

  • Race: Terran Terran
  • Spawn Location: 11:00

chocolate

  • Race: Protoss Protoss
  • League: Grandmaster
  • Spawn Location: 5:00

VOD

Have the link to the VOD?

Description

Time

  • Played on: Oct. 1, 2022, 8:02 p.m.
  • Length: 6:44
Show
View Real Time Build Order
Export as new Build Order

A.I. 2 (Very Easy) Terran 

Build Orders: Reaper Expand 

Get SALT Encoding   

  12  0:00  SCV  
  13  0:13  SCV  
  14  0:18  Supply Depot  
  14  0:42  Barracks  
  14  1:02  Command Center  
  14  1:29  Marine  
  14  1:32  Orbital Command, Supply Depot  
  15  1:37  Refinery  
  15  1:50  Refinery  
  15  1:57  SCV  
  16  2:10  SCV  
  16  2:15  SCV  
  18  2:18  Reaper  
  18  2:22  SCV  
  20  2:29  SCV  
  21  2:37  SCV  
  22  2:42  Refinery  
  22  2:44  SCV  
  23  2:51  SCV  
  24  2:58  SCV  
  25  3:01  Marine  
  25  3:05  SCV  
  27  3:12  SCV  
  28  3:15  Factory  
  28  3:37  Refinery  
  28  3:39  SCV  
  29  3:44  Marine  
  29  3:46  SCV  
  31  3:54  SCV  
  32  3:57  Supply Depot  
  32  4:01  SCV  
  33  4:03  Starport  
  33  4:08  SCV  
  34  4:15  SCV  
  35  4:22  SCV  
  36  4:27  Reaper  
  36  4:29  SCV  
  38  4:37  SCV  
  39  4:40  Starport Tech Lab, Supply Depot  
  39  4:44  SCV  
  40  4:51  SCV  
  39  4:58  SCV  
  39  4:59  Raven  
  34  5:06  SCV  
  28  5:10  Marine  
  28  5:13  SCV  
  24  5:20  SCV  
  20  5:27  SCV  
  18  5:34  SCV  
  19  5:41  SCV  
  19  5:42  Viking  
  21  5:49  SCV  
  21  5:57  SCV  
  22  6:04  SCV  
  22  6:08  Hellion  
  25  6:11  SCV  
  25  6:12  Starport Tech Lab  
  25  6:18  SCV  
  26  6:26  SCV  
Show
View Real Time Build Order
Export as new Build Order

chocolate Protoss 

Build Orders: 1 Gate Expand, Zealot Archon, Dark Templar Rush 

Get SALT Encoding   

  12  0:00  Probe  
  13  0:12  Probe  
  14  0:17  Pylon  
  14  0:24  Probe  
  15  0:37  Gateway, Probe (Chrono Boost)  
  15  0:42  Assimilator  
  16  0:49  Probe (Chrono Boost)  
  17  0:56  Probe (Chrono Boost)  
  18  1:03  Probe (Chrono Boost)  
  19  1:15  Probe (Chrono Boost)  
  20  1:20  Probe (Chrono Boost)  
  21  1:26  Cybernetics Core  
  21  1:38  Nexus  
  21  1:40  Assimilator  
  21  1:48  Pylon  
  21  1:50  Probe  
  22  2:02  Probe  
  22  2:04  Stalker (Chrono Boost)  
  22  2:07  Warp Gate  
  25  2:15  Probe  
  26  2:19  Twilight Council  
  26  2:27  Probe  
  27  2:39  Probe  
  27  2:41  Robotics Facility  
  28  2:45  Gateway  
  28  2:50  Probe  
  28  2:51  Probe  
  30  2:56  Stalker  
  32  3:02  Probe  
  32  3:03  Probe  
  34  3:13  Dark Shrine  
  34  3:15  Probe x2 (Chrono Boost)  
  36  3:27  Probe (Chrono Boost)  
  38  3:28  Probe (Chrono Boost)  
  38  3:29  Observer  
  38  3:33  Probe x2 (Chrono Boost)  
  41  3:35  Pylon  
  41  3:41  Probe  
  41  3:42  Probe  
  42  3:53  Pylon, Probe  
  42  3:54  Probe  
  44  3:59  Nexus  
  44  4:05  Probe  
  44  4:06  Probe  
  44  4:09  Pylon  
  46  4:15  Assimilator  
  46  4:17  Probe, Assimilator  
  46  4:18  Probe  
  48  4:26  Dark Templar x2  
  48  4:29  Probe  
  48  4:30  Probe  
  54  4:34  Charge (Chrono Boost)  
  54  4:42  Probe x2 (Chrono Boost)  
  56  4:50  Gateway  
  58  4:53  Gateway, Probe (Chrono Boost)  
  58  4:54  Probe (Chrono Boost)  
  58  4:58  Probe x2 (Chrono Boost)  
  58  4:59  Observer, Gateway  
  60  5:04  Gateway  
  61  5:07  Stalker  
  61  5:08  Probe  
  61  5:09  Probe  
  61  5:11  Stalker  
  61  5:12  Probe  
  68  5:20  Probe  
  68  5:21  Observer, Probe  
  71  5:22  Forge  
  71  5:24  Probe  
  72  5:30  Sentry  
  72  5:32  Probe  
  72  5:33  Probe  
  76  5:36  Probe  
  76  5:37  Gateway  
  76  5:39  Gateway  
  75  5:42  Shield Battery  
  75  5:43  Pylon, Zealot  
  75  5:57  Dark Templar  
  75  5:58  Dark Templar x3  
  75  6:03  Gateway  
  75  6:04  Gateway  
  83  6:05  Archon x2  
  83  6:06  Zealot x2  
  87  6:15  Pylon  
  87  6:16  Pylon  
  87  6:19  Pylon  
  86  6:31  Zealot x3  
  92  6:33  Zealot x2  
  92  6:34  Zealot x3  
  102  6:40  Pylon  
  102  6:41  Pylon  
Tags
 
Add a new tag
Caveats
  • Supply blocks, unpowered buildings, or Contaminate may cause inaccurate times.
  • Supply counts are checked every 10 seconds.